 Dungeon Crawl Stone Soup version 0.25-a0-265-g7af84ae0ac (webtiles) character file.

Game seed: 17267226665759217781, levelgen mode: deterministic

88 MirrMurr the Poker (level 4, -1/35 HPs)
             Began as a Demonspawn Berserker on Dec 8, 2019.
             Was a Believer of Trog.
             Killed from afar by a white imp (5 damage)
             ... with a puff of frost
             ... summoned by Natasha
             ... on level 3 of the Dungeon.
             The game lasted 00:04:06 (1575 turns).

MirrMurr the Poker (Demonspawn Berserker)           Turns: 1575, Time: 00:04:07

Health: -1/35      AC:  9    Str: 19    XL:     4   Next: 30%
Magic:  4/4        EV: 10    Int:  8    God:    Trog [**....]
Gold:   178        SH:  0    Dex: 12    Spells: 3/3 levels left

rFire    . . .     SeeInvis .   a - +0 spear
rCold    . . .     Gourm    .   (no shield)
rNeg     . . .     Faith    .   p - +0 scale mail
rPois    .         Spirit   .   (helmet restricted)
rElec    .         Reflect  .   k - +0 cloak
rCorr    .         Harm     .   m - +0 pair of gloves
MR       .....                  b - +0 pair of boots
Stlth    ..........             (no amulet)
HPRegen  0.11/turn              (no ring)
MPRegen  0.09/turn              (no ring)

@: slowed, very slow
A: antennae 1, talons 1
a: Berserk, Trog's Hand, Renounce Religion


You were on level 3 of the Dungeon.
You worshipped Trog.
Trog was pleased with you.
You were not hungry.

You visited 1 branch of the dungeon, and saw 3 of its levels.

You collected 178 gold pieces.

Inventory:

Hand Weapons
 a - a +0 spear (weapon)
 n - a +1 hunting sling of flaming
Missiles
 e - 17 poisoned darts
 i - 6 silver javelins (quivered)
 j - 120 stones
Armour
 b - a +0 pair of boots (worn)
 k - a +0 cloak (worn)
 m - a +0 pair of gloves (worn)
 p - a +0 scale mail (worn)
Jewellery
 d - an uncursed ring of magical power {unknown}
 h - an uncursed ring of poison resistance {unknown}
 l - a cursed ring of attention {unknown}
Wands
 o - a wand of flame (16)
Potions
 f - a potion of resistance
 g - a potion of haste
Comestibles
 c - 5 rations
 r - 5 chunks of flesh


   Skills:
 + Level 3.4 Fighting
 * Level 3.6 Polearms
 + Level 2.4 Armour
 + Level 2.4 Dodging


You had 3 spell levels left.
You didn't know any spells.
Your spell library was empty.

Dungeon Overview and Level Annotations

Branches:
Dungeon (3/15)

Altars:
Qazlal

Annotations:
D:3 Natasha


Innate Abilities, Weirdness & Mutations

You have a pair of small antennae on your head.
You have sharp toenails.


Message History

Natasha mumbles some strange words.
You hit Natasha.
Natasha is moderately wounded.
Natasha claws you.
You hit Natasha.
Natasha is heavily wounded.
Natasha barely misses you.
The white imp picks up a beetle and eats it.
You hit Natasha.
Natasha is severely wounded.
Natasha stares at you and mumbles some strange words.
The magic dart hits you! The white imp hits you. The white imp freezes you.
* * * LOW HITPOINT WARNING * * *
Natasha barely misses you.
The white imp hits you but does no damage.
Natasha claws you.
* * * LOW HITPOINT WARNING * * *
The white imp gestures at you. The puff of frost hits you.
You die...

##. ##. #.. #####..
###......
######...###..
#######......#####..
#...5÷..w......)....
#..@h÷.#############
########


You could see a worm, Natasha and a white imp.

Vanquished Creatures
  Jessica (D:2)
  2 adders (D:2)
  An ooze (D:1)
  5 bats (D:1)
  3 giant cockroaches
  4 goblins
  3 hobgoblins
  4 ball pythons
  2 frilled lizards (D:2)
  7 kobolds
  10 rats
42 creatures vanquished.

Notes
Turn   | Place    | Note
-------+----------+-------------------------------------------
     0 | D:1      | MirrMurr the Demonspawn Berserker began the quest for the
                  | Orb.
     0 | D:1      | Reached XP level 1. HP: 18/18 MP: 1/1
   241 | D:1      | Gained mutation: You have sharp toenails. [demonic
                  | ancestry]
   241 | D:1      | Reached XP level 2. HP: 24/24 MP: 2/2
   619 | D:2      | Found a stormy altar of Qazlal.
   621 | D:2      | Noticed a fire elemental
   622 | D:2      | Noticed an air elemental
   622 | D:2      | Noticed an earth elemental
   622 | D:2      | Noticed a water elemental
   633 | D:2      | Reached XP level 3. HP: 29/29 MP: 3/3
   997 | D:2      | Reached ** piety under Trog
  1064 | D:2      | Noticed Jessica
  1068 | D:2      | Killed Jessica
  1068 | D:2      | Gained mutation: You have a pair of small antennae on your
                  | head. [demonic ancestry]
  1068 | D:2      | Reached XP level 4. HP: 35/35 MP: 4/4
  1532 | D:3      | Noticed Natasha
  1575 | D:3      | Killed from afar by a white imp

Levels and vault maps discovered:
D:1:      saegor_arrival_miasma, layout_basic
D:2:      layout_loops_corners, nicolae_qazlal_style_of_elements, uniq_jessica
D:3:      layout_rooms, lemuel_coloured_pillars_altar, uniq_natasha

Skill      XL: |  1  2 |
---------------+-------+-----
Polearms       | 3 |  3.6
Armour         | 2 |  2.4
Dodging        | 2 |  2.4
Fighting       | |  3.4

Action                   |  1- 3 |  4- 6 || total
-------------------------+-------+-------++-------
Melee: Spear             |    90 |    26 ||   116
       Kick              |    18 |       ||    18
Invok: Berserk           |     1 |       ||     1
  Use: Scroll            |     2 |     2 ||     4
 Stab: Sleeping          |     4 |     1 ||     5
  Eat: Chunk             |     1 |     2 ||     3
Armor: Animal skin       |     6 |       ||     6
       Scale mail        |       |     6 ||     6
Dodge: Dodged            |    44 |     7 ||    51

Table legend:
 A = Non-vault XP
 B = Vault XP
 C = Vault XP percentage of total XP
 D = Non-vault monster count
 E = Vault monster count
 F = Vault count percentage of total count
                 A         B        C        D         E       F
            +---------+---------+-------+---------+---------+-------
      Total |      90 |      37 |  29.1 |      41 |       1 |   2.4
            +---------+---------+-------+---------+---------+-------
        D:1 |      38 |       0 |   0.0 |      23 |       0 |   0.0
        D:2 |      50 |      37 |  42.5 |      16 |       1 |   5.9
        D:3 |       2 |       0 |   0.0 |       2 |       0 |   0.0
            +---------+---------+-------+---------+---------+-------
